Map: [ESL] Dragon Scales

Players

Astrea - Winner!

  • Race: Protoss Protoss
  • Spawn Location: 5:00

trigger

  • Race: Protoss Protoss
  • Spawn Location: 11:00

Event: ESL SC2 Masters 2023 Summer (Regionals)

VOD

Have the link to the VOD?

Description

Time

  • Played on: May 18, 2023, 3:55 p.m.
  • Length: 7:35

All games in this series

Show
View Real Time Build Order
Export as new Build Order

Astrea Protoss - Winner!

Build Orders:  

Get SALT Encoding   

  12  0:00  Probe  
  13  0:12  Probe  
  14  0:17  Pylon  
  14  0:24  Probe (Chrono Boost)  
  16  0:36  Probe (Chrono Boost)  
  16  0:37  Gateway  
  16  0:43  Probe (Chrono Boost)  
  16  0:47  Assimilator  
  17  0:51  Probe  
  18  1:03  Probe  
  19  1:15  Probe, Gateway  
  20  1:24  Cybernetics Core  
  20  1:27  Probe, Pylon  
  21  1:34  Assimilator  
  21  1:39  Probe  
  22  1:46  Gateway  
  23  1:58  Warp Gate (Chrono Boost), Stalker (Chrono Boost)  
  27  2:10  Adept (Chrono Boost), Pylon  
  27  2:14  Probe  
  27  2:23  Stalker  
  29  2:32  Gateway  
  29  2:43  Stalker  
  31  3:01  Probe  
  32  3:11  Pylon  
  32  3:24  Probe  
  33  3:32  Stalker x4  
  39  3:56  Stalker x4  
  47  4:27  Pylon  
  47  4:29  Pylon  
  47  4:49  Stalker x4  
  47  5:14  Stalker x4  
  39  5:38  Stalker x3  
  43  5:42  Stalker  
  43  6:07  Stalker x2  
  43  6:08  Zealot  
  45  6:24  Stalker  
  43  6:30  Stalker x2  
  45  6:58  Adept x4  
  47  7:27  Adept x4  
Show
View Real Time Build Order
Export as new Build Order

trigger Protoss 

Build Orders:  

Get SALT Encoding   

  12  0:00  Probe  
  13  0:12  Probe  
  14  0:20  Pylon  
  14  0:24  Probe  
  15  0:39  Probe (Chrono Boost)  
  15  0:40  Gateway  
  16  0:47  Probe (Chrono Boost)  
  16  0:48  Assimilator  
  17  0:53  Probe  
  18  1:05  Probe (Chrono Boost)  
  18  1:07  Pylon, Assimilator  
  19  1:15  Probe (Chrono Boost)  
  20  1:20  Probe (Chrono Boost)  
  21  1:30  Cybernetics Core  
  21  1:32  Probe  
  24  1:42  Pylon  
  24  1:44  Probe  
  23  2:04  Nexus  
  25  2:13  Stargate  
  23  2:19  Stalker (Chrono Boost)  
  25  2:28  Shield Battery  
  25  2:35  Shield Battery  
  25  2:43  Sentry  
  27  2:51  Forge  
  31  3:07  Void Ray (Chrono Boost)  
  31  3:11  Probe  
  31  3:15  Warp Gate  
  31  3:17  Probe  
  32  3:21  Shield Battery  
  32  3:24  Probe  
  33  3:34  Photon Cannon  
  33  3:48  Photon Cannon  
  33  3:53  Sentry  
  35  4:01  Photon Cannon  
  35  4:16  Void Ray (Chrono Boost)  
  39  4:29  Probe x2  
  41  4:31  Photon Cannon  
  41  4:38  Gateway  
  41  4:50  Photon Cannon  
  41  5:03  Probe  
  41  5:05  Shield Battery  
  42  5:22  Gateway  
  38  5:30  Photon Cannon  
  38  5:33  Sentry  
  36  5:38  Pylon  
  36  5:51  Cybernetics Core, Probe  
  36  5:52  Photon Cannon  
  36  5:56  Zealot  
  35  6:11  Probe, Gateway  
  35  6:13  Photon Cannon  
  34  6:22  Pylon  
  34  6:30  Stalker  
  35  6:34  Pylon  
  35  6:41  Pylon  
  33  6:53  Sentry  
  32  6:59  Probe  
  32  7:00  Probe  
  29  7:09  Adept  
  29  7:22  Adept  
  28  7:32  Sentry  
Tags
 
Add a new tag
Caveats
  • Supply blocks, unpowered buildings, or Contaminate may cause inaccurate times.
  • Supply counts are checked every 10 seconds.